 Dungeon Crawl Stone Soup version 0.22-a0-136-g83a10e5 (webtiles) character file.

475780 mhoghedin the Devastator (level 24, -4/218 HPs)
             Began as a Naga Venom Mage on Feb 2, 2018.
             Was the Champion of Vehumet.
             Killed from afar by a fire giant (28 damage)
             ... with a fireball
             ... on level 1 of the Depths on Feb 3, 2018.
             The game lasted 03:42:20 (46808 turns).

mhoghedin the Devastator (Naga Venom Mage)         Turns: 46808, Time: 03:42:21

Health: -4/218     AC: 31    Str: 11    XL:     24   Next: 76%
Magic:  0/44       EV: 12    Int: 30    God:    Vehumet [******]
Gold:   2867       SH: 13    Dex: 19    Spells: 1/48 levels left

rFire    . . .     SeeInvis +   a - +8 autumn katana {slice, Clar}
rCold    . . .     Gourm    +   V - +3 shield {AC+3}
rNeg     . . .     Faith    .   Q - +4 moon troll leather armour {Spirit, Regen++ MP+5, regen}
rPois    +         Spirit   +   r - +1 helmet
rElec    .         Reflect  .   T - scarf {cloud immunity}
rCorr    .         Harm     .   l - +1 pair of gloves {archery}
MR       +++..     Clarity  +   j - +4 naga barding {Stlth+}
Stlth    +++++.....             I - amulet "Piuxov" {Gourm Dex+4}
HPRegen  1.26/turn              k - +6 ring of intelligence
MPRegen  0.29/turn              S - ring of wizardry {Wiz+, !d}

@: studying Stealth, heavily drained, very slow
A: large, claws 1, see invisible, agile 1, deformed body, dopey 1, poison
resistance, slowness 2, slow metabolism 1, spit poison 2, constrict 1, AC +8
}: 2/15 runes: decaying, serpentine
a: Breathe Poison Gas, Renounce Religion


You were on level 1 of the Depths.
You worshipped Vehumet.
Vehumet was exalted by your worship.
You were not hungry.

You visited 9 branches of the dungeon, and saw 41 of its levels.
You also visited: Sewer and Volcano.

You collected 4455 gold pieces.
You spent 1588 gold pieces at shops.

Inventory:

Hand Weapons
 a - the +8 autumn katana (weapon) {slice, Clar}
   (You found it on level 6 of the Lair of Beasts)

   It inflicts extra damage upon your enemies.
   It protects you against confusion.
 N - a +9 demon blade of flaming
   (You took it off a salamander in a volcano)
Missiles
 q - 2 throwing nets {=f, !d}
Armour
 j - a +4 naga barding of stealth (worn)
   (You acquired it on level 6 of the Lair of Beasts)
 l - a +1 pair of gloves of archery (worn)
   (You found it on level 2 of the Vaults)
 r - a +1 helmet (worn)
   (You took it off Robin on level 2 of the Dungeon)
 Q - the +4 moon troll leather armour (worn) {Spirit, Regen++ MP+5, regen}
   (You found it on level 3 of the Lair of Beasts)

   It affects your magic capacity (+5).
   It increases your rate of regeneration.
 T - a scarf of cloud immunity (worn)
   (You found it on level 11 of the Dungeon)
 V - a +3 shield of protection (worn)
   (You took it off a deep elf death mage on level 3 of the Elven Halls)
Magical Staves
 b - an uncursed staff of fire {rF+}
   (You found it on level 6 of the Lair of Beasts)
Jewellery
 h - the amulet of the Air {Inacc +Fly rElec EV+5 RMsl}
   (You found it on level 3 of the Elven Halls)

   [amulet of inaccuracy]

   It reduces the accuracy of all your attacks.
   It affects your evasion (+5).
   It insulates you from electricity.
   It lets you fly.
   It protects you from missiles.
 k - a +6 ring of intelligence (left hand)
   (You took it off an ironbrand convoker on level 1 of the Vaults)
 A - an uncursed ring of protection from magic {MR+, !d}
   (You found it on level 15 of the Dungeon)
 I - the amulet "Piuxov" (around neck) {Gourm Dex+4}
   (You took it off a wight on level 9 of the Dungeon)

   [amulet of the gourmand]

   It allows you to eat raw meat even when not hungry.
   It affects your dexterity (+4).
 S - a ring of wizardry (right hand) {Wiz+, !d}
   (You found it on level 3 of the Snake Pit)
Wands
 M - a wand of acid (10)
   (You found it on level 2 of the Lair of Beasts)
 Z - a wand of digging (10)
   (You found it on level 3 of the Vaults)
Scrolls
 g - 4 scrolls of magic mapping {!r}
 i - a scroll of teleportation
 m - 10 scrolls of identify
 o - 3 scrolls of enchant armour
 p - 15 scrolls of remove curse
 t - 5 scrolls of blinking {!r}
 v - 5 scrolls of vulnerability {!r!r}
 w - 4 scrolls of fog
 y - 9 scrolls of immolation {!r}
 B - 5 scrolls of amnesia
 H - a scroll of holy word {!r}
 W - 6 scrolls of fear
Potions
 d - 4 potions of haste
 e - a potion of heal wounds
 n - 19 potions of curing
 s - 7 potions of flight
 z - a potion of ambrosia
 D - 5 potions of mutation {!q}
 F - a potion of brilliance
 K - a potion of might
 O - 2 potions of berserk rage {!q}
 X - 4 potions of cancellation
Books
 f - a manual of Stealth {!d}
   (You found it on level 3 of the Elven Halls)
 C - a book of Debilitation
   (You found it on level 4 of the Vaults)
 J - a book of the Sky
   (You found it on level 2 of the Vaults)
Miscellaneous
 u - a crystal ball of energy
   (You found it on level 3 of the Elven Halls)
 G - a phantom mirror
 R - 3 sacks of spiders
 Y - a fan of gales
   (You found it on level 3 of the Elven Halls)
Comestibles
 c - 58 rations


   Skills:
 - Level 13.4(9.9) Fighting
   Level 4.5(6.3) Short Blades
 - Level 12.7(9.5) Long Blades
 - Level 8.4(5.2) Armour
 - Level 11.4(8.0) Dodging
 - Level 13.5(10.0) Stealth
 - Level 10.4(7.1) Shields
 - Level 12.5(9.0) Spellcasting
 + Level 17.6(13.7) Conjurations
 - Level 2.1(0.0) Charms
 - Level 6.4(3.5) Summonings
 - Level 2.0(0.0) Necromancy
 - Level 5.1(2.3) Translocations
 - Level 4.0(1.2) Transmutations
 + Level 15.5(11.8) Fire Magic
 - Level 9.7(6.4) Earth Magic
 - Level 14.1(10.5) Poison Magic


You had one spell level left.
You knew the following spells:

 Your Spells              Type           Power        Failure   Level  Hunger
a - Bolt of Magma         Conj/Fire/Erth ######....   1%          5    ####...
b - Fireball              Conj/Fire      ######....   1%          5    ####...
c - Olgreb's Toxic Radia  Pois           ######..     1%          4    None
d - Iron Shot             Conj/Erth      ######....   2%          6    #####..
e - Blink                 Tloc           N/A          1%          2    None
f - Ignite Poison         Fire/Tmut/Pois ######..     1%          3    None
g - Spellforged Servitor  Conj/Summ      ######....   19%         7    #######
h - Fire Storm            Conj/Fire      ######....   89%         9    #######
r - Regeneration          Chrm/Necr      ##........   9%          3    None
x - Mephitic Cloud        Conj/Pois/Air  ######..     1%          3    None


Dungeon Overview and Level Annotations

Branches:
Dungeon (15/15)            Temple (1/1) D:7            Lair (6/6) D:11
  Swamp (4/4) Lair:4        Snake (4/4) Lair:4        Slime (0/5) Lair:6
    Orc (2/2) D:9             Elf (3/3) Orc:2        Vaults (5/5) D:13
  Crypt (0/3) Vaults:2     Depths (1/5) D:15

Altars:
Ashenzari
Cheibriados
Dithmenos
Elyvilon
Fedhas
Hepliaklqana
Makhleb
Nemelex Xobeh
Okawaru
Ru
Sif Muna
Uskayaw
Vehumet
Wu Jian
Xom
Yredelemnul
Zin
Beogh

Shops:
D:4 !   D:6 *   Orc:2 [(?!   Elf:1 (   Elf:2 [   Snake:2 }=}?   Vaults:1 (:

Portals:
Abyss: Depths:1

Annotations:
D:3 exclusion: oklob plant
D:13 exclusion: orange crystal statue
Swamp:1 Roxanne
Swamp:2 2 transporters
Vaults:5 Saint Roka
Depths:1 Louise


Innate Abilities, Weirdness & Mutations

You cannot wear boots.
Your serpentine skin is tough. (AC +8)
You have supernaturally acute eyesight. (SInv)
Armour fits poorly on your strangely shaped body.
Your system is resistant to poisons. (rPois)
You cover ground very slowly.
You have a slow metabolism.
You can exhale a cloud of poison.
You can use your snake-like lower body to constrict enemies.
You have sharp fingernails.
You are agile. (Dex +2)
You are dopey. (Int -2)


Message History

The frost giant freezes you.
You take 3 damage, and have 163/218 hp.
You hit the frost giant. You slash the frost giant!
You feel sick. The ice dragon breathes frost at you.
The blast of cold hits the frost giant.
The frost giant resists.
The blast of cold hits you!
The frost giant points at you and mumbles some strange words.
The bolt of cold hits you!
You hear a horrible gurgling sound! x2
You take 42 damage, and have 122/218 hp.
You now have 24/44 mp.
You are too injured to fight recklessly!
You ignite the poison in your surroundings!
The frost giant seems to burn from within!
You kill the frost giant!
Vehumet accepts your kill.
You feel your power returning.
The stone giant seems to burn from within!
The stone giant throws a large rock.
The large rock hits you!!!
A brown ugly thing comes into view.
You take 33 damage, and have 89/218 hp.
You now have 19/44 mp.
Aim: an ice dragon The ball explodes into a vile cloud!
The stinking cloud engulfs the ice dragon.
The ice dragon appears unharmed.
The stinking cloud engulfs you!
The stinking cloud engulfs the stone giant.
You hear a horrible gurgling sound!
You hear a shout!
You block the ice dragon's attack.
The ice dragon claws you but does no damage.
You block the ice dragon's attack.
A brown ugly thing comes into view.
You now have 17/44 mp.
You ignite the poison in your surroundings!
The ice dragon is engulfed in blazing flames.
The ice dragon breathes frost at you. The blast of cold hits you!
You hear a sizzling sound!
The fire giant is engulfed in blazing flames.
You hear a horrible gurgling sound!
You take 19 damage, and have 71/218 hp.
You now have 10/44 mp.
You slash the ice dragon!
You feel sick.
The ice dragon is engulfed in blazing flames.
The ice dragon breathes frost at you. The blast of cold hits you!
* * * LOW HITPOINT WARNING * * *
Louise is engulfed in blazing flames.
You hear a shout!
You take 23 damage, and have 48/218 hp.
You now have 7/44 mp.
You closely miss the ice dragon.
The teleport trap disappears.
The brown ugly thing disappears!
The ice dragon is engulfed in blazing flames.
You block the ice dragon's attack. The ice dragon barely misses you.
The ice dragon tramples you but does no damage.
Louise is engulfed in blazing flames.
You hit the ice dragon but do no damage.
The ice dragon is engulfed in blazing flames.
The ice dragon bites you!
* * * LOW HITPOINT WARNING * * *
You block the ice dragon's attack. The ice dragon tramples you.
* * * LOW HITPOINT WARNING * * *
You stumble backwards!
You take 10 damage, and have 39/218 hp.
You hit the ice dragon.
The fire giant is engulfed in blazing flames.
You hit the ice dragon. The ice dragon breathes frost at you.
The blast of cold misses you.
The fire giant is engulfed in blazing flames.
You hear a horrible gurgling sound!
You hit the ice dragon but do no damage.
The ice dragon closely misses you.
You riposte.
You closely miss the ice dragon. You block the ice dragon's attack. x2
You hit the ice dragon but do no damage.
You feel sick.
The fire giant is engulfed in blazing flames.
You barely miss the ice dragon.
The ice dragon bites you but does no damage.
You block the ice dragon's attack. The ice dragon barely misses you.
The fire giant is engulfed in blazing flames.
You hit the ice dragon but do no damage.
The ice dragon bites you but does no damage.
The ice dragon barely misses you.
The ice dragon tramples you but does no damage.
The fire giant is engulfed in blazing flames.
You slash the ice dragon!
You kill the ice dragon!
Vehumet accepts your kill.
You feel your power returning.
You feel sick.
You are no longer poisoned.
The fire giant is engulfed in blazing flames.
The fire giant hits you with a great sword of flaming!
* * * LOW HITPOINT WARNING * * *
The fire giant burns you!
* * * LOW HITPOINT WARNING * * *
The fire giant is engulfed in blazing flames.
The fire giant casts a spell at you.
The fireball explodes!
The fireball engulfs you!
You die...

### #######.#
.... #........
..... #@#####..
.....[#C#####.##
......@C§.......
#..$............
.C..............
.###............
...#...........
....#...####.##
.∩...#..## .#


You could see Louise, a fire giant and a stone giant.

Vanquished Creatures
  Sojobo (Vaults:3)
  2 golden dragons (Vaults:4)
  Rupert (Lair:3)
  2 tentacled monstrosities (Vaults:5)
  2 liches (Vaults:2)
  2 deep elf master archers (Elf:3)
  A quicksilver dragon (Vaults:5)
  3 titans
  2 deep elf blademasters (Elf:3)
  The ghost of tilp the Phalangite, an adept MfIE of Makhleb (Vaults:1)
  The ghost of CcS the Warrior, an adept MiFi of Qazlal (Vaults:1)
  Frances (Swamp:2)
  3 thorn hunters
  3 shadow dragons
  Kirke (Snake:1)
  Agnes (D:14)
  A storm dragon (Vaults:4)
  2 tengu reavers (Vaults:3)
  Donald (Swamp:2)
  10 nagarajas
  3 frost giants
  An iron dragon (Vaults:4)
  3 fire giants
  9 deep elf sorcerers
  17 vault wardens
  10 deep elf elementalists
  2 orc warlords
  6 ironheart preservers
  8 stone giants
  5 very ugly things (Vaults:4)
  8 deep elf demonologists
  5 deep elf annihilators
  8 deep elf death magi
  2 ettins
  5 fire dragons
  7 yaktaur captains
  4 great orbs of eyes
  A rakshasa (Vaults:1)
  3 ice dragons
  2 deep elf high priests (Elf:3)
  Fannar (Lair:2)
  24 hydras
  2 catoblepae
  37 vault guards
  3 ghost crabs (Swamp:4)
  16 anacondas
  20 naga warriors
  24 two-headed ogres
  2 death knights
  8 alligators
  A deep troll shaman (Lair:6)
  13 centaur warriors
  20 dancing weapons
  A tengu warrior (D:15)
  5 death yaks (Lair:6)
  2 spriggan berserkers (Swamp:4)
  10 ogre magi
  A vampire mage (D:15)
  2 orc high priests
  12 naga sharpshooters
  Nergalle (Lair:1)
  2 skeletal warriors (D:15)
  A hell knight (Vaults:4)
  11 shock serpents
  19 deep elf knights
  4 salamander mystics (Snake:4)
  A sea snake (shapeshifter) (Vaults:3)
  4 small abominations
  4 wizards
  A spriggan druid (Swamp:4)
  4 deep trolls
  7 unseen horrors
  3 glowing orange brains
  11 sea snakes (Snake:4)
  5 naga ritualists
  12 ironbrand convokers
  5 lindwurms
  3 phantasmal warriors
  2 shambling mangroves
  11 swamp dragons
  2 necromancers
  17 deep elf archers
  4 harpies (Vaults:4)
  An orb spider (shapeshifter) (Vaults:3)
  A stone giant zombie (D:15)
  8 orc knights
  A harpy (shapeshifter) (Vaults:3)
  22 ugly things
  12 mana vipers
  8 orc sorcerers
  2 wolf spiders
  76 deep elf magi
  8 cyclopes
  2 manticores
  11 salamanders
  A moth of wrath (Vaults:2)
  An eye of devastation (Vaults:2)
  30 black mambas
  4 elephants (Lair:6)
  A water nymph (shapeshifter) (Elf:2)
  A molten gargoyle (Volcano)
  A black mamba (shapeshifter) (Vaults:4)
  13 guardian serpents
  A gargoyle (D:12)
  2 centaur zombies (D:11)
  12 vault sentinels
  32 naga magi
  10 spiny frogs
  A spiny frog (shapeshifter) (Vaults:3)
  A spriggan skeleton (D:15)
  5 komodo dragons
  12 freezing wraiths
  3 rime drakes
  A yaktaur (shapeshifter) (Vaults:2)
  2 efreet
  23 yaktaurs
  A tengu conjurer (D:15)
  5 polar bears
  13 hornets
  20 trolls
  2 tyrant leeches
  A meliai (shapeshifter) (Elf:1)
  20 blink frogs
  Grinder (Sewer)
  28 slime creatures
  7 bog bodies
  4 dream sheep (Lair:6)
  A hippogriff (shapeshifter) (Vaults:3)
  An ice dragon zombie (D:15)
  9 hippogriffs
  A meliai zombie (D:15)
  A redback (shapeshifter) (Vaults:5)
  An air elemental (Elf:1)
  7 spriggans
  2 wyverns
  A water elemental (Elf:3)
  A shadow (D:15)
  5 wraiths
  A wyvern (shapeshifter) (Vaults:1)
  Grum (D:8)
  35 yaks
  A centaur simulacrum (D:15)
  2 fire bats (Volcano)
  3 fire elementals
  A human (Snake:1)
  3 basilisks
  2 hogs (Snake:1)
  An orc simulacrum (Vaults:2)
  A steam dragon (D:10)
  A hungry ghost (D:9)
  11 vampire mosquitoes
  An acid dragon (Vaults:1)
  Edmund (D:6)
  54 nagas
  5 wargs
  A soldier ant (D:10)
  6 insubstantial wisps (Swamp:3)
  15 swamp worms
  9 water moccasins
  A hell hound (Volcano)
  14 swamp drakes
  A tengu skeleton (D:15)
  8 porcupines
  41 orc warriors
  A hornet zombie (D:14)
  4 sky beasts
  4 ice beasts
  A necrophage (D:14)
  3 black bears
  44 ogres
  2 eyes of draining
  3 phantoms
  11 boggarts
  33 centaurs
  29 wolves
  8 crocodiles
  4 big kobolds
  27 bullfrogs
  2 earth elementals
  A wyvern zombie (D:9)
  A scorpion (D:5)
  5 killer bees
  17 wights
  2 electric eels
  7 crimson imps
  2 bullfrog zombies
  7 hounds
  2 quasits
  A human simulacrum (Vaults:1)
  4 centaur skeletons
  3 jellies
  15 orc priests
  30 orc wizards
  3 bullfrog skeletons
  A gnoll shaman (Orc:1)
  Terence (D:2)
  8 iguanas
  9 worker ants
  A hound zombie (D:9)
  2 hound skeletons
  3 worker ant zombies
  Robin (D:2)
  A howler monkey zombie (D:5)
  5 gnolls (Orc:1)
  3 howler monkey skeletons
  19 adders
  A river rat (D:4)
  5 shadow imps
  3 white imps (Vaults:2)
  2 oozes
  4 ufetubi (Sewer)
  An adder skeleton (D:8)
  7 worms
  A dart slug (D:2)
  8 leopard geckos
  104 orcs
  3 ball pythons
  11 bats
  11 giant cockroaches
  17 goblins
  7 hobgoblins
  8 jackals
  31 kobolds
  8 quokkas
  A frilled lizard (D:3)
  2 kobold zombies (Sewer)
  2 leopard gecko zombies (D:5)
  10 rats
  2 butterflies (Lair:1)
  7 crawling corpses (Elf:3)
  2 plants (Elf:3)
1737 creatures vanquished.

Vanquished Creatures (collateral kills)
  A lich (Vaults:2)
  A titan (Vaults:5)
  A tengu reaver (Vaults:5)
  A fire giant (Vaults:2)
  2 vault wardens
  A frost giant (Vaults:2)
  A war gargoyle (Vaults:5)
  A very ugly thing (Vaults:2)
  A green draconian (Vaults:2)
  A fire dragon (Vaults:2)
  3 yaktaur captains
  A vault guard (Vaults:3)
  A catoblepas (Vaults:2)
  A two-headed ogre (Vaults:3)
  3 dancing weapons (Elf:2)
  A deep troll earth mage (Vaults:2)
  A deep elf knight (Elf:2)
  A deep troll (Vaults:2)
  A swamp dragon (Vaults:2)
  A deep elf archer (Elf:2)
  5 ironbrand convokers
  A flayed ghost (Vaults:4)
  2 orc knights
  2 deep elf magi
  3 vault sentinels
  6 yaktaurs
  A wind drake (shapeshifter) (Vaults:3)
  2 slime creatures
  A yak (Vaults:2)
  3 wargs
  An orc warrior (Vaults:4)
  A crawling corpse (Vaults:5)
53 creatures vanquished.

Vanquished Creatures (others)
  A deep elf elementalist (Elf:3)
  A deep elf demonologist (Elf:3)
  A black mamba (Snake:4)
  A naga mage (Snake:2)
  A swamp drake (Swamp:4)
  A centaur (Volcano)
  An ooze (Sewer)
  11 fungi
  14 plants
  A withered plant (D:15)
33 creatures vanquished.

Grand Total: 1823 creatures vanquished

Notes
Turn   | Place    | Note
-------+----------+-------------------------------------------
     0 | D:1      | mhoghedin the Naga Venom Mage began the quest for the Orb.
     0 | D:1      | Reached XP level 1. HP: 15/15 MP: 3/3
   402 | D:1      | Reached XP level 2. HP: 22/22 MP: 5/5
   414 | D:1      | Learned a level 2 spell: Poisonous Vapours
  1111 | D:2      | Reached skill level 5 in Poison Magic
  1148 | D:2      | Noticed Terence
  1156 | D:2      | Killed Terence
  1156 | D:2      | Reached XP level 3. HP: 18/28 MP: 0/6
  1265 | D:2      | Learned a level 3 spell: Mephitic Cloud
  1418 | D:2      | Reached skill level 6 in Poison Magic
  1422 | D:2      | Reached XP level 4. HP: 19/36 MP: 4/7
  2053 | D:2      | Reached XP level 5. HP: 37/42 MP: 8/8
  2127 | D:2      | Noticed Robin
  2139 | D:2      | Killed Robin
  2407 | D:2      | Found a sparkling altar of Nemelex Xobeh.
  2459 | D:3      | Noticed a centaur
  2466 | D:3      | Killed a centaur
  2466 | D:3      | Reached skill level 1 in Short Blades
  2466 | D:3      | Reached skill level 4 in Stealth
  2466 | D:3      | Reached skill level 1 in Shields
  2476 | D:3      | Reached XP level 6. HP: 40/49 MP: 9/9
  2620 | D:3      | Reached skill level 2 in Short Blades
  2840 | D:3      | Found a blossoming altar of Fedhas.
  2851 | D:3      | Noticed an oklob plant
  3289 | D:4      | Learned a level 4 spell: Olgreb's Toxic Radiance
  3371 | D:4      | Reached skill level 5 in Stealth
  3428 | D:4      | Found a glowing drain.
  3455 | Sewer    | Entered a sewer
  3471 | Sewer    | Reached skill level 2 in Shields
  3780 | Sewer    | Found a burning altar of Makhleb.
  3798 | Sewer    | Noticed Grinder
  3809 | Sewer    | Paralysed by Grinder for 3 turns
  3812 | Sewer    | Gained mutation: You are agile. (Dex +2) [potion of mutation]
  3812 | Sewer    | Gained mutation: You have sharp fingernails. [potion of mutation]
  3812 | Sewer    | Gained mutation: You can exhale a cloud of poison. [potion of mutation]
  3819 | Sewer    | Paralysed by Grinder for 2 turns
  3840 | Sewer    | Paralysed by Grinder for 7 turns
  3854 | Sewer    | Killed Grinder
  3854 | Sewer    | Reached skill level 3 in Short Blades
  3854 | Sewer    | Reached skill level 6 in Stealth
  3854 | Sewer    | Reached XP level 7. HP: 36/55 MP: 10/10
  4171 | Sewer    | Reached skill level 3 in Shields
  4436 | D:4      | Reached skill level 4 in Short Blades
  4436 | D:4      | Reached skill level 7 in Stealth
  4454 | D:4      | Found Kofinut's Distillery.
  4551 | D:4      | Reached XP level 8. HP: 55/62 MP: 11/11
  4601 | D:4      | Found a shattered altar of Ashenzari.
  4689 | D:4      | Found an iron altar of Okawaru.
  4759 | D:5      | Entered Level 5 of the Dungeon
  4824 | D:5      | Found a burning altar of Makhleb.
  4874 | D:5      | Reached skill level 1 in Fighting
  5112 | D:5      | Reached skill level 2 in Conjurations
  5350 | D:5      | Reached skill level 2 in Fighting
  5469 | D:5      | Reached skill level 3 in Conjurations
  5975 | D:5      | Reached skill level 3 in Fighting
  6257 | D:6      | Learned a level 2 spell: Searing Ray
  6275 | D:6      | Reached skill level 3 in Spellcasting
  6275 | D:6      | Reached skill level 4 in Conjurations
  6742 | D:6      | Found Zyfikk's General Store.
  6796 | D:6      | Reached XP level 9. HP: 75/75 MP: 14/14
  6803 | D:6      | Bought a book of Minor Magic for 240 gold pieces
  6803 | D:6      | Bought a scroll of amnesia for 42 gold pieces
  6803 | D:6      | Bought a potion of mutation for 96 gold pieces
  6823 | D:6      | Learned a level 2 spell: Blink
  6841 | D:6      | Noticed Edmund
  6856 | D:6      | Killed Edmund
  6856 | D:6      | Reached skill level 4 in Spellcasting
  6856 | D:6      | Reached skill level 5 in Conjurations
  7921 | D:7      | Found a staircase to the Ecumenical Temple.
  7960 | Temple   | Entered the Ecumenical Temple
  7986 | Temple   | Became a worshipper of Vehumet
  8123 | D:7      | Reached skill level 5 in Spellcasting
  8176 | D:7      | Learned a level 4 spell: Iskenderun's Mystic Blast
  8257 | D:7      | Reached skill level 6 in Conjurations
  8445 | D:8      | Reached skill level 1 in Translocations
  8483 | D:8      | Reached skill level 2 in Translocations
  8734 | D:8      | Noticed Grum
  8742 | D:8      | Reached skill level 3 in Translocations
  8749 | D:8      | Killed Grum
  8749 | D:8      | Reached skill level 7 in Conjurations
  8763 | D:8      | Reached skill level 4 in Translocations
  8789 | D:8      | Noticed a two-headed ogre
  8862 | D:8      | HP: 15/75 [two-headed ogre/giant club (20)]
  8862 | D:8      | HP: 6/75 [two-headed ogre/giant club (9)]
  8864 | D:8      | Killed a two-headed ogre
  8864 | D:8      | Reached skill level 8 in Conjurations
  8864 | D:8      | Reached skill level 5 in Translocations
  8864 | D:8      | Reached XP level 10. HP: 7/84 MP: 8/17
  9725 | D:9      | Reached * piety under Vehumet
  9725 | D:9      | Offered knowledge of Freeze by Vehumet.
  9852 | D:9      | Reached skill level 9 in Conjurations
 10036 | D:9      | Found a sacrificial altar of Ru.
 10058 | D:9      | Reached skill level 2 in Dodging
 10064 | D:9      | Reached skill level 4 in Fighting
 10067 | D:9      | Reached skill level 3 in Dodging
 10083 | D:9      | Reached ** piety under Vehumet
 10083 | D:9      | Reached skill level 5 in Fighting
 10097 | D:9      | Offered knowledge of Throw Frost by Vehumet.
 10326 | D:9      | Reached skill level 4 in Dodging
 10412 | D:9      | Got a pitted amethyst amulet
 10433 | D:9      | Reached XP level 11. HP: 81/97 MP: 18/18
 10502 | D:9      | Found a staircase to the Orcish Mines.
 10555 | D:9      | Offered knowledge of Inner Flame by Vehumet.
 10737 | D:9      | Reached skill level 6 in Fighting
 10901 | D:9      | Reached *** piety under Vehumet
 11212 | D:10     | Entered Level 10 of the Dungeon
 11220 | D:9      | Identified the amulet "Piuxov" {Gourm Dex+4} (You took it off a wight on level 9 of the Dungeon)
 11365 | D:10     | Found a shimmering altar of Xom.
 11491 | D:10     | Reached skill level 10 in Conjurations
 11855 | D:10     | Offered knowledge of Ignite Poison by Vehumet.
 11860 | D:10     | Learned a level 3 spell: Ignite Poison
 12382 | D:10     | Reached skill level 1 in Fire Magic
 12621 | D:10     | Found a shimmering altar of Xom.
 12621 | D:10     | Noticed an alligator
 12622 | D:10     | Found a shimmering altar of Xom.
 12622 | D:10     | Found a shimmering altar of Xom.
 12623 | D:10     | Found a shimmering altar of Xom.
 12624 | D:10     | Noticed a shock serpent
 12638 | D:10     | Noticed a mana viper
 12911 | D:11     | Noticed a seven-headed hydra
 12916 | D:11     | Killed a seven-headed hydra
 12916 | D:11     | Reached skill level 2 in Fire Magic
 12916 | D:11     | Reached skill level 7 in Poison Magic
 12997 | D:11     | Found a staircase to the Lair.
 13020 | Lair:1   | Entered Level 1 of the Lair of Beasts
 13074 | Lair:1   | Noticed Nergalle
 13082 | Lair:1   | Killed Nergalle
 13082 | Lair:1   | Reached skill level 3 in Fire Magic
 13102 | Lair:1   | Reached skill level 6 in Spellcasting
 13117 | Lair:1   | Reached skill level 8 in Poison Magic
 13384 | Lair:1   | Reached **** piety under Vehumet
 13384 | Lair:1   | Reached skill level 1 in Transmutations
 13384 | Lair:1   | Reached skill level 4 in Fire Magic
 13399 | Lair:1   | HP: 31/145 [spiny frog (14)]
 13400 | Lair:1   | Offered knowledge of Sticky Flame by Vehumet.
 13400 | Lair:1   | Reached skill level 2 in Transmutations
 13416 | Lair:1   | HP: 24/97 [blink frog (6)]
 13423 | Lair:1   | Reached skill level 9 in Poison Magic
 13423 | Lair:1   | Reached XP level 12. HP: 28/105 MP: 16/21
 13747 | Lair:1   | Reached skill level 3 in Transmutations
 13747 | Lair:1   | Reached skill level 4 in Transmutations
 14307 | Lair:2   | Reached skill level 5 in Dodging
 14400 | Lair:2   | Found a shadowy altar of Dithmenos.
 14570 | Lair:2   | Noticed an eight-headed hydra
 14574 | Lair:2   | Reached skill level 7 in Fighting
 14586 | Lair:2   | Killed an eight-headed hydra
 14587 | Lair:2   | Noticed Fannar
 14714 | Lair:2   | Reached skill level 6 in Dodging
 14732 | Lair:2   | Killed Fannar
 14884 | Lair:2   | Reached skill level 8 in Fighting
 15056 | Lair:2   | Reached ***** piety under Vehumet
 15354 | Lair:2   | Offered knowledge of Iron Shot by Vehumet.
 15903 | Lair:3   | Found a dark tunnel.
 15916 | Lair:3   | Learned a level 6 spell: Iron Shot
 15917 | Volcano  | Entered a volcano
 15948 | Volcano  | Reached skill level 1 in Earth Magic
 15954 | Volcano  | HP: 28/112 [salamander (5)]
 15970 | Volcano  | Reached skill level 2 in Earth Magic
 16688 | Lair:3   | Found the +4 moon troll leather armour {Spirit, Regen++ MP+5}
 16703 | Lair:3   | Gained mutation: You can use your snake-like lower body to constrict enemies. [Naga growth]
 16703 | Lair:3   | Reached XP level 13. HP: 113/118 MP: 15/23
 16703 | Lair:3   | Reached skill level 1 in Long Blades
 16801 | Lair:3   | Reached skill level 2 in Long Blades
 16957 | Lair:3   | Reached skill level 3 in Long Blades
 17010 | Lair:3   | Noticed Rupert
 17013 | Lair:3   | Reached skill level 4 in Long Blades
 17025 | Lair:3   | Killed Rupert
 17025 | Lair:3   | Reached skill level 5 in Long Blades
 17493 | Lair:4   | Found a staircase to the Swamp.
 17545 | Lair:4   | Reached skill level 6 in Long Blades
 17546 | Lair:4   | Found a staircase to the Snake Pit.
 17889 | Lair:4   | Reached skill level 7 in Long Blades
 18130 | Lair:4   | Reached skill level 7 in Dodging
 18410 | Lair:5   | Found a labyrinth entrance.
 18506 | Lair:5   | Reached skill level 9 in Fighting
 18519 | Lair:5   | Found a hazy altar of Hepliaklqana.
 19108 | Lair:6   | Entered Level 6 of the Lair of Beasts
 19311 | Lair:6   | Found a staircase to the Slime Pits.
 19342 | Lair:6   | Reached skill level 1 in Armour
 19393 | Lair:6   | Offered knowledge of Bolt of Cold by Vehumet.
 19436 | Lair:6   | Reached skill level 8 in Long Blades
 19483 | Lair:6   | Reached skill level 2 in Armour
 19484 | Lair:6   | Reached XP level 14. HP: 118/129 MP: 19/24
 19522 | Lair:6   | Reached skill level 8 in Dodging
 19665 | Lair:6   | Found the +8 autumn katana {slice, Clar}
 19709 | Lair:6   | Identified a scroll of acquirement
 19935 | Lair:6   | Reached skill level 3 in Armour
 19938 | Lair:6   | Reached skill level 10 in Fighting
 21125 | D:11     | You fall through a shaft for 3 floors!
 21140 | D:14     | Reached skill level 9 in Long Blades
 21511 | D:14     | Reached skill level 4 in Armour
 21573 | D:14     | Noticed Agnes
 21581 | D:14     | Killed Agnes
 21967 | D:13     | Offered knowledge of Fireball by Vehumet.
 22195 | D:13     | Found a gate to the Vaults.
 22336 | D:13     | Reached skill level 9 in Dodging
 22534 | D:12     | Found a basalt altar of Yredelemnul.
 22733 | D:12     | Reached skill level 5 in Armour
 22744 | D:12     | Reached skill level 11 in Fighting
 22744 | D:12     | Reached XP level 15. HP: 87/141 MP: 5/25
 23372 | D:11     | Reached skill level 10 in Long Blades
 23493 | D:11     | Learned a level 5 spell: Fireball
 23944 | D:15     | Entered Level 15 of the Dungeon
 24033 | D:15     | Reached skill level 5 in Fire Magic
 24045 | D:15     | Reached skill level 11 in Conjurations
 24305 | D:15     | Reached skill level 6 in Fire Magic
 24330 | D:15     | Found a staircase to the Depths.
 24353 | D:15     | Reached skill level 3 in Earth Magic
 25082 | Orc:1    | Entered Level 1 of the Orcish Mines
 25111 | Orc:1    | Noticed an orc warlord
 25128 | Orc:1    | Killed an orc warlord
 25128 | Orc:1    | Reached skill level 4 in Earth Magic
 25178 | Orc:1    | Found a roughly hewn altar of Beogh.
 25534 | Orc:2    | Entered Level 2 of the Orcish Mines
 25539 | Orc:2    | Reached skill level 7 in Fire Magic
 25590 | Orc:2    | Found a staircase to the Elven Halls.
 25935 | Orc:2    | Reached skill level 5 in Earth Magic
 25984 | Orc:2    | Found Waefu's Distillery.
 25986 | Orc:2    | Found Neilo's Magic Scroll Boutique.
 25995 | Orc:2    | Reached skill level 12 in Conjurations
 25995 | Orc:2    | Reached ****** piety under Vehumet
 25995 | Orc:2    | Reached skill level 8 in Fire Magic
 25995 | Orc:2    | Reached XP level 16. HP: 140/150 MP: 26/26
 25997 | Orc:2    | Reached skill level 6 in Earth Magic
 26067 | Orc:2    | Offered knowledge of Bolt of Magma by Vehumet.
 26166 | Orc:2    | Found Kehechiedo's Weapon Emporium.
 26178 | Orc:2    | Found Enaanwea's Armour Shop.
 26485 | Orc:2    | Learned a level 5 spell: Bolt of Magma
 26682 | Snake:1  | Entered Level 1 of the Snake Pit
 26892 | Snake:1  | Noticed Kirke
 26919 | Snake:1  | Killed Kirke
 26919 | Snake:1  | Reached skill level 7 in Earth Magic
 26998 | Snake:1  | Reached skill level 9 in Fire Magic
 27306 | Snake:1  | Reached skill level 7 in Spellcasting
 27776 | Swamp:1  | Entered Level 1 of the Swamp
 27781 | Swamp:1  | Noticed Roxanne
 28109 | Swamp:1  | Reached skill level 13 in Conjurations
 28459 | Swamp:1  | Reached skill level 8 in Earth Magic
 28684 | Swamp:2  | Noticed Donald
 28694 | Swamp:2  | Killed Donald
 28777 | Swamp:2  | Noticed Frances
 28789 | Swamp:2  | Killed Frances
 28928 | Swamp:2  | Found a transporter.
 29193 | Swamp:2  | Found a transporter.
 29727 | Swamp:3  | Reached XP level 17. HP: 100/157 MP: 23/28
 29734 | Swamp:3  | Offered knowledge of Poison Arrow by Vehumet.
 29845 | Swamp:3  | Learned a level 3 spell: Regeneration
 30328 | Swamp:4  | Entered Level 4 of the Swamp
 30877 | Swamp:4  | Reached skill level 6 in Armour
 30879 | Swamp:4  | Reached skill level 10 in Dodging
 30908 | Swamp:4  | HP: 29/159 [bog body/bolt of cold (18)]
 31128 | Swamp:4  | Reached skill level 11 in Long Blades
 31145 | Swamp:4  | Reached skill level 12 in Fighting
 31331 | Swamp:4  | Offered knowledge of Ozocubu's Refrigeration by Vehumet.
 31455 | Swamp:4  | Got a decaying rune of Zot
 31946 | Snake:2  | Found Hoekh's Gadget Emporium.
 31946 | Snake:2  | Found Dauv's Jewellery Shop.
 31947 | Snake:2  | Found Wieluip's Gadget Emporium.
 32037 | Snake:2  | Found Vusoopne's Magic Scroll Shop.
 32057 | Snake:2  | Reached skill level 7 in Armour
 32060 | Snake:2  | Bought a scroll of acquirement for 832 gold pieces
 32194 | Snake:2  | Reached XP level 18. HP: 156/169 MP: 18/29
 33271 | Snake:3  | Reached skill level 12 in Long Blades
 33319 | Snake:4  | Entered Level 4 of the Snake Pit
 33401 | Snake:4  | Reached skill level 11 in Dodging
 33401 | Snake:4  | Reached skill level 13 in Fighting
 33503 | Snake:4  | Reached skill level 8 in Armour
 34027 | Snake:4  | HP: 34/171 [black mamba (13)]
 34032 | Snake:4  | HP: 40/171 [poisoned by a naga mage (splash of poison)]
 34455 | Snake:4  | Offered knowledge of Spellforged Servitor by Vehumet.
 34707 | Snake:4  | Reached skill level 8 in Spellcasting
 34976 | Snake:4  | Reached skill level 9 in Spellcasting
 35146 | Snake:4  | Reached XP level 19. HP: 172/178 MP: 32/32
 35160 | Snake:4  | Got an encrusted leather armour
 35161 | Snake:4  | Identified the +4 leather armour "Syno Uthri" {rN+ MR+} (You found it on level 4 of the Snake Pit)
 35188 | Snake:4  | Reached skill level 10 in Spellcasting
 35337 | Snake:4  | Learned a level 7 spell: Spellforged Servitor
 35376 | Snake:4  | Reached skill level 10 in Fire Magic
 35380 | Snake:4  | Reached skill level 1 in Charms
 35380 | Snake:4  | Reached skill level 1 in Summonings
 35383 | Snake:4  | Reached skill level 1 in Necromancy
 35537 | Snake:4  | Got a serpentine rune of Zot
 35695 | Snake:4  | Reached skill level 2 in Charms
 35695 | Snake:4  | Reached skill level 2 in Summonings
 35712 | Snake:4  | Reached skill level 2 in Necromancy
 36033 | Elf:1    | Entered Level 1 of the Elven Halls
 36065 | Elf:1    | Found a radiant altar of Vehumet.
 36080 | Elf:1    | Reached skill level 9 in Earth Magic
 36130 | Elf:1    | Reached skill level 3 in Summonings
 36298 | Elf:1    | Found Uskavaeh's Weapon Boutique.
 36444 | Elf:1    | Offered knowledge of Fire Storm by Vehumet.
 36444 | Elf:1    | Offered knowledge of Glaciate by Vehumet.
 36444 | Elf:1    | Offered knowledge of Shatter by Vehumet.
 36534 | Elf:1    | Reached skill level 4 in Summonings
 36635 | Elf:1    | Identified the Papyrus of Supportive Confrontation
 36995 | Elf:2    | Reached skill level 14 in Conjurations
 37081 | Elf:2    | Found Opallo's Antique Armour Boutique.
 37116 | Elf:2    | Reached skill level 11 in Fire Magic
 37179 | Elf:2    | Reached XP level 20. HP: 187/187 MP: 34/34
 37255 | Elf:2    | Reached skill level 5 in Summonings
 37275 | Elf:2    | Found a runed gate.
 37277 | Elf:2    | Found a runed gate.
 37277 | Elf:2    | Found a runed gate.
 37745 | Elf:2    | Reached skill level 6 in Summonings
 37838 | Elf:3    | Entered Level 3 of the Elven Halls
 38237 | Elf:3    | Reached skill level 10 in Poison Magic
 38238 | Elf:3    | Noticed a Brimstone Fiend
 38240 | Elf:3    | Reached skill level 11 in Poison Magic
 38244 | Elf:3    | Reached skill level 12 in Poison Magic
 38259 | Elf:3    | Reached skill level 13 in Poison Magic
 38281 | Elf:3    | Reached skill level 14 in Poison Magic
 38321 | Elf:3    | Got a clouded golden amulet
 38377 | Elf:3    | Reached XP level 21. HP: 195/195 MP: 27/35
 38389 | Elf:3    | Got a silken robe
 38430 | Elf:3    | Found the amulet of the Air {Inacc +Fly rElec EV+5 RMsl}
 38485 | Elf:3    | Identified the Compendium of Lucky Dislocation
 38807 | Elf:3    | Identified the amulet "Raxtodghyt" {MR+ Regen+ Dex+2} (You took it off a deep elf mage on level 3 of the Elven Halls)
 38920 | Elf:3    | Reached skill level 4 in Shields
 39429 | Vaults:1 | Entered Level 1 of the Vaults
 39624 | Vaults:1 | Found Ucor's Magic Scroll Boutique.
 39665 | Vaults:1 | Bought a scroll of amnesia for 63 gold pieces
 39665 | Vaults:1 | Bought a scroll of enchant armour for 135 gold pieces
 39665 | Vaults:1 | Bought a scroll of identify for 36 gold pieces
 39665 | Vaults:1 | Bought a scroll of identify for 36 gold pieces
 39665 | Vaults:1 | Bought a scroll of identify for 36 gold pieces
 39665 | Vaults:1 | Bought a scroll of identify for 36 gold pieces
 39665 | Vaults:1 | Bought a scroll of identify for 36 gold pieces
 39687 | Vaults:1 | Reached skill level 5 in Shields
 39744 | Vaults:1 | Noticed CcS's ghost (adept MiFi)
 39767 | Vaults:1 | Killed CcS's ghost
 39979 | Vaults:1 | Reached skill level 6 in Shields
 40029 | Vaults:1 | Found Titam's Book Shop.
 40392 | Vaults:1 | Noticed tilp's ghost (adept MfIE)
 40421 | Vaults:1 | Killed tilp's ghost
 40570 | Vaults:1 | Reached skill level 7 in Shields
 40745 | Vaults:1 | Found Witzid's Weapon Shoppe.
 40937 | Vaults:2 | Reached skill level 8 in Shields
 41217 | Vaults:2 | Reached skill level 9 in Shields
 41562 | Vaults:2 | Reached skill level 10 in Shields
 41569 | Vaults:2 | HP: 40/195 [lich/lance of force (21)]
 41569 | Vaults:2 | HP: 13/195 [metal wall collision (27)]
 41574 | Vaults:2 | HP: 39/195 [green draconian/blast of poison (5)]
 41720 | Vaults:2 | Reached skill level 8 in Stealth
 41736 | Vaults:2 | Reached skill level 9 in Stealth
 41771 | Vaults:2 | Reached skill level 10 in Stealth
 41799 | Vaults:2 | Reached skill level 11 in Stealth
 41801 | Vaults:2 | Reached skill level 12 in Stealth
 41806 | Vaults:2 | Reached XP level 22. HP: 127/204 MP: 18/36
 41822 | Vaults:2 | Reached skill level 13 in Stealth
 42151 | Vaults:2 | Got a distressingly furry plate armour
 42277 | Vaults:2 | Found a staircase to the Crypt.
 42395 | Vaults:2 | Reached skill level 12 in Fire Magic
 42668 | Vaults:2 | Reached skill level 11 in Spellcasting
 42835 | Vaults:3 | Noticed Sojobo
 42861 | Vaults:3 | Killed Sojobo
 42884 | Vaults:3 | Reached skill level 15 in Conjurations
 43852 | Vaults:3 | Reached skill level 13 in Fire Magic
 43852 | Vaults:3 | Reached XP level 23. HP: 211/211 MP: 38/38
 44287 | Vaults:4 | Reached skill level 12 in Spellcasting
 45041 | Vaults:4 | Reached skill level 16 in Conjurations
 45079 | Vaults:4 | Learned a level 9 spell: Fire Storm
 45113 | Vaults:4 | Reached XP level 24. HP: 218/218 MP: 39/39
 45467 | Vaults:5 | Entered Level 5 of the Vaults
 45482 | Vaults:5 | Reached skill level 14 in Fire Magic
 45496 | Vaults:5 | Gained mutation: You are dopey. (Int -2) [mutagenic glow]
 45617 | Vaults:5 | HP: 50/218 [ettin/dire flail (35)]
 45624 | Vaults:5 | HP: 54/218 [sphinx/divine providence (12)]
 45647 | Vaults:5 | Reached skill level 17 in Conjurations
 45922 | Vaults:4 | Reached skill level 15 in Fire Magic
 46092 | Vaults:5 | Noticed Saint Roka
 46095 | Vaults:4 | HP: 54/218 [golden dragon (6)]
 46096 | Vaults:4 | HP: 25/218 [golden dragon/bolt of fire (16)]
 46288 | Vaults:4 | HP: 54/218 [freezing wraith (11)]
 46780 | Depths:1 | Entered Level 1 of the Depths
 46780 | Depths:1 | Found a one-way gate to the infinite horrors of the Abyss.
 46780 | Depths:1 | Noticed Louise
 46798 | Depths:1 | HP: 48/218 [ice dragon/blast of cold (23)]
 46804 | Depths:1 | HP: 41/218 [poisoned by Louise (sting)]
 46808 | Depths:1 | Killed from afar by a fire giant

Vault maps used:
D:1:      evilmike_arrival_rings, serial_glass, glass_columns_c, glass_columns_c
D:2:      marbit_many_paths, minmay_cupped, uniq_terence, uniq_robin
D:3:      first_ration, tgw_fedhas
D:4:      evilmike_ruin_ashenzari, lemuel_doored_altar,
          cheibrodos_sewer_entry_sluice, serial_shops, nicolae_shop_trees,
          minmay_distorted
D:5:      bloody_makhleb
D:6:      serial_shops, shop_coins, hex_intersection, uniq_edmund
D:7:      minmay_temple_entry_nine_rooms
D:8:      uniq_grum
D:9:      nicolae_ru_awakened_eye, hiddenorc2_lemuel
D:10:     hangedman_pestilent_swarm, xom_shifter_show
D:11:     lair_entry_dummy, minmay_holes
D:12:     basic_altar, grunt_decor_one_mirror
D:13:     david_vaults_1, minmay_statue_bubble
D:14:     nrook_pool_corridor, minivault_23, uniq_agnes
D:15:     gammafunk_depths_entry_grave, grunt_decor_fettered, serial_aquarium,
          aquarium_bridge_square, aquarium_window_corner, aquarium_window_3,
          aquarium_view_2c, aquarium_view_2f, aquarium_pool_2
Temple:   hc_temple_tempest_star
Lair:1:   beast_lair_carwin_1, serial_bayou_shore_a, lemuel_fruit_fields,
          uniq_nergalle
Lair:2:   lemuel_centaur_altar, uniq_fannar
Lair:3:   nicolae_volcano_entry_s_turn, uniq_rupert
Lair:4:   swamp_mist, minmay_snake_entry_guardpost_small,
          infiniplex_staircase_pool_2
Lair:5:   lab_entry_generic, basic_altar, forest_entry_grove
Lair:6:   grunt_lair_end_beastmaster, slime_dummy, grunt_megastairs_1,
          infiniplex_staircase_pool
Swamp:1:  evilmike_swamp_ruin_house_3, uniq_roxanne
Swamp:2:  gammafunk_its_a_trap, evilmike_swamp_ruin_house_5,
          statue_in_the_mist_lemuel, uniq_donald, uniq_frances
Swamp:3:  serial_swamp_ruin, evilmike_swamp_ruin_house_1,
          hangedman_swamp_ruin_hall, hangedman_swamp_ruin_wall, swamp_pool5
Swamp:4:  swamp_basic_johnstein
Snake:1:  uniq_kirke
Snake:2:  serial_shops, shop, minmay_shop_grove, grunt_megastairs_2,
          serial_bayou_shore_b, serial_bayou_shore_b
Snake:4:  snake_pit_salamanders_mu, st_stairs_13, serial_bayou_lake_a
Orc:1:    basic_altar
Orc:2:    st_orc_open
Elf:1:    eino_elf_arrival_altar, serial_shops,
          nicolae_shop_temple_entry_statues_fountains, minmay_elf_sorcery
Elf:2:    serial_shops, shop, minmay_misc_feat_cross
Elf:3:    minmay_elf_hall_x
Vaults:1: nicolae_vaults_border_crossing, v_misc_33, v_misc_18,
          grunt_vaults_bifocal, vaults_dpeg_ring, v_misc_2, v_misc_16,
          vaults_dpeg_hooks, nicolae_vaults_murderbox, v_misc_25,
          v_alt_pattern_5, serial_shops, shop_fountains, shop, shop_coins
Vaults:2: v_misc_12, nicolae_vaults_diagonal_hallway_9, v_misc_10,
          vaults_dpeg_diagonal, ontoclasm_vaults_chip,
          minmay_crypt_entry_nasty_monster, v_misc_5, vaults_room_pool,
          v_misc_16, st_greater_box_3, v_misc_23, serial_ice_b, v_misc_8,
          nicolae_vaults_twisting_passages, vaults_room_corners,
          nicolae_vaults_asterisk
Vaults:3: nicolae_vaults_big_angled_halls, nicolae_vaults_back_hallway,
          nicolae_vaults_asterisk, vaults_room_ringed_pool,
          vaults_standard_mumra_enter_the_diamond, hangedman_vaults_slice,
          vaults_standard_mumra_enter_the_diamond, v_rooms_2,
          nicolae_vaults_little_squares_3, v_misc_17, vaults_room_grid,
          ontoclasm_vaults_gateway, ontoclasm_vaults_ring_square,
          hangedman_vaults_impose, nicolae_vaults_little_squares_6, st_cells,
          uniq_sojobo
Vaults:4: v_misc_28, hangedman_vaults_stream, vaults_room_semicircle,
          grunt_vaults_diagonal, ontoclasm_vaults_ligature,
          hangedman_vaults_nails, hangedman_vaults_nails, vaults_room_door_ring
Vaults:5: uniq_saint_roka
Depths:1: minmay_misc_feat_square, nicolae_abyss_entry_one_way_or_another,
          pf_hell_entry_tar_river, minmay_guarded_unrand_curses
Sewer:    kennysheep_sewer_church
Volcano:  volcano_village

Skill      XL: |  1  2  3  4  5  6  7  8  9 10 11 12 13 14 15 16 17 18 19 20 21 22 23 24 |
---------------+-------------------------------------------------------------------------+-----
Poison Magic   | 5 6 9 14 | 14.1
Short Blades   | 1 3 4 |  4.5
Stealth        | 4 6 7 12 13 | 13.5
Shields        | 1 2 3 10 | 10.4
Fighting       | 3 5 6 8 9 11 12 13 | 13.4
Conjurations   | 4 8 9 10 12 13 14 15 16 17 | 17.6
Spellcasting   | 3 5 6 7 9 10 11 12 | 12.5
Translocations | 5 |  5.1
Dodging        | 4 6 7 9 10 11 | 11.4
Fire Magic     | 4 8 9 11 13 15 | 15.5
Transmutations | 2 4 |  4.0
Earth Magic    | 2 5 8 9 |  9.7
Long Blades    | 8 9 10 11 12 | 12.7
Armour         | 2 5 7 8 |  8.4
Charms         | 2 |  2.1
Summonings     | 4 6 |  6.4
Necromancy     | 2 |  2.0

Action                   |  1- 3 |  4- 6 |  7- 9 | 10-12 | 13-15 | 16-18 | 19-21 | 22-24 || total
-------------------------+-------+-------+-------+-------+-------+-------+-------+-------++-------
Melee: Club              |     3 |       |       |       |       |       |       |       ||     3
       Short sword       |    19 |    64 |   238 |   277 |       |       |       |       ||   598
       Dagger            |       |   212 |   185 |   226 |       |       |       |       ||   623
       Demon blade       |       |       |       |     2 |   604 |   997 |   123 |       ||  1726
       Constrict         |       |       |       |       |   139 |   176 |   143 |    62 ||   520
       Katana            |       |       |       |       |    72 |       |   612 |   525 ||  1209
       Staff             |       |       |       |       |    20 |     1 |       |       ||    21
       Unarmed           |       |       |       |       |       |    11 |       |       ||    11
 Cast: Sting             |    32 |     2 |     1 |       |       |       |       |       ||    35
       Poisonous Vapours |     3 |     7 |     2 |    12 |       |       |       |       ||    24
       Mephitic Cloud    |       |     5 |     3 |    14 |    27 |    23 |    34 |    29 ||   135
       Olgreb's Toxic Ra |       |     1 |     1 |    30 |    45 |    23 |    59 |    38 ||   197
       Searing Ray       |       |       |    12 |     3 |       |       |       |       ||    15
       Iskenderun's Myst |       |       |     6 |    40 |    27 |       |       |       ||    73
       Ignite Poison     |       |       |       |    30 |    46 |    44 |    57 |    41 ||   218
       Blink             |       |       |       |     1 |     2 |     3 |       |     6 ||    12
       Fireball          |       |       |       |       |     5 |    21 |     8 |    11 ||    45
       Iron Shot         |       |       |       |       |       |    15 |    13 |    20 ||    48
       Bolt of Magma     |       |       |       |       |       |    77 |     9 |     7 ||    93
       Regeneration      |       |       |       |       |       |     4 |    12 |     6 ||    22
       Spellforged Servi |       |       |       |       |       |       |    12 |    15 ||    27
 Abil: Spit Poison       |     9 |     5 |       |       |       |       |       |       ||    14
       Breathe Poison Ga |       |       |    14 |    22 |    12 |     9 |    13 |     5 ||    75
Evoke: Wand              |       |       |       |     2 |     3 |     2 |     5 |       ||    12
  Use: Scroll            |     5 |     3 |     2 |    14 |    20 |    16 |    14 |    10 ||    84
       Potion            |       |     7 |     2 |     6 |       |     2 |     9 |    15 ||    41
 Stab: Sleeping          |     1 |    11 |     9 |    18 |    19 |    11 |    22 |     9 ||   100
       Confused          |       |     1 |       |     4 |     1 |     5 |     7 |     3 ||    21
       Distracted        |       |       |     2 |     4 |     4 |     5 |     1 |     3 ||    19
       Invisible         |       |       |     1 |       |       |       |     1 |       ||     2
  Eat: Ration            |     1 |     1 |     3 |     2 |     1 |     7 |       |       ||    15
       Chunk             |       |     3 |     9 |    41 |    39 |    29 |    40 |    19 ||   180
Armor: Robe              |     8 |   119 |   181 |   152 |       |       |       |       ||   460
       Skin              |       |       |     3 |       |       |       |       |       ||     3
       Troll leather arm |       |       |       |       |   285 |   579 |   282 |   227 ||  1373
Dodge: Dodged            |    19 |   114 |   212 |   258 |   411 |   711 |   262 |   255 ||  2242
Block: Buckler           |       |    45 |   129 |   166 |   294 |   511 |   118 |       ||  1263
       Shield            |       |       |       |       |       |       |   170 |   366 ||   536
       Rpst.: Demon blade |       |       |       |     1 |    84 |   102 |    20 |       ||   207
       Katana            |       |       |       |       |    12 |       |    33 |    43 ||    88

Table legend:
 A = Spawn XP
 B = Non-spawn XP
 C = Spawn XP percentage of total XP
 D = Spawn monster count
 E = Non-spawn monster count
 F = Spawn count percentage of total count
 G = Total turns spent on level
                    A         B        C        D         E        F      G
               +---------+---------+-------+---------+---------+-------+---------
         Total |       0 |  813028 |   0.0 |       0 |    1781 |   0.0 | 46808
               +---------+---------+-------+---------+---------+-------+---------
           D:1 |       0 |      21 |   0.0 |       0 |      11 |   0.0 |  1084
           D:2 |       0 |     182 |   0.0 |       0 |      45 |   0.0 |  1375
           D:3 |       0 |     198 |   0.0 |       0 |      27 |   0.0 |   742
           D:4 |       0 |     377 |   0.0 |       0 |      23 |   0.0 |   703
           D:5 |       0 |     587 |   0.0 |       0 |      31 |   0.0 |  1371
           D:6 |       0 |     686 |   0.0 |       0 |      15 |   0.0 |  1333
           D:7 |       0 |     699 |   0.0 |       0 |      16 |   0.0 |   921
           D:8 |       0 |    2397 |   0.0 |       0 |      26 |   0.0 |  1206
           D:9 |       0 |    4424 |   0.0 |       0 |      80 |   0.0 |  1645
          D:10 |       0 |    2428 |   0.0 |       0 |      32 |   0.0 |  1826
          D:11 |       0 |    6564 |   0.0 |       0 |      18 |   0.0 |  1304
          D:12 |       0 |    5900 |   0.0 |       0 |      27 |   0.0 |   997
          D:13 |       0 |    8273 |   0.0 |       0 |      29 |   0.0 |   945
          D:14 |       0 |    8464 |   0.0 |       0 |      19 |   0.0 |   769
          D:15 |       0 |   17550 |   0.0 |       0 |      40 |   0.0 |  1055
        Lair:1 |       0 |    5831 |   0.0 |       0 |      28 |   0.0 |  1228
        Lair:2 |       0 |    9716 |   0.0 |       0 |      40 |   0.0 |  1613
        Lair:3 |       0 |    5881 |   0.0 |       0 |      21 |   0.0 |  1189
        Lair:4 |       0 |    6271 |   0.0 |       0 |      26 |   0.0 |  1042
        Lair:5 |       0 |    3761 |   0.0 |       0 |      21 |   0.0 |   703
        Lair:6 |       0 |   14268 |   0.0 |       0 |      38 |   0.0 |  1151
       Swamp:1 |       0 |   13142 |   0.0 |       0 |      31 |   0.0 |   962
       Swamp:2 |       0 |    8557 |   0.0 |       0 |      15 |   0.0 |   786
       Swamp:3 |       0 |   17665 |   0.0 |       0 |      45 |   0.0 |   899
       Swamp:4 |       0 |   34844 |   0.0 |       0 |      55 |   0.0 |  1313
       Snake:1 |       0 |   15389 |   0.0 |       0 |      29 |   0.0 |  1017
       Snake:2 |       0 |   23643 |   0.0 |       0 |      43 |   0.0 |  1076
       Snake:3 |       0 |   13047 |   0.0 |       0 |      26 |   0.0 |   589
       Snake:4 |       0 |   90916 |   0.0 |       0 |     143 |   0.0 |  2461
         Orc:1 |       0 |    6547 |   0.0 |       0 |      31 |   0.0 |   560
         Orc:2 |       0 |   22877 |   0.0 |       0 |      88 |   0.0 |  1013
         Elf:1 |       0 |   29679 |   0.0 |       0 |      46 |   0.0 |   915
         Elf:2 |       0 |   37196 |   0.0 |       0 |      53 |   0.0 |   933
         Elf:3 |       0 |   77128 |   0.0 |       0 |      81 |   0.0 |  1365
      Vaults:1 |       0 |   37373 |   0.0 |       0 |      55 |   0.0 |  1574
      Vaults:2 |       0 |   83098 |   0.0 |       0 |     112 |   0.0 |  1792
      Vaults:3 |       0 |   50337 |   0.0 |       0 |      96 |   0.0 |  1610
      Vaults:4 |       0 |   66525 |   0.0 |       0 |     100 |   0.0 |  2046
      Vaults:5 |       0 |   75351 |   0.0 |       0 |      77 |   0.0 |   250
      Depths:1 |       0 |    2489 |   0.0 |       0 |       2 |   0.0 |    28
         Sewer |       0 |     517 |   0.0 |       0 |      32 |   0.0 |   855
       Volcano |       0 |    2230 |   0.0 |       0 |       8 |   0.0 |   522
               +---------+---------+-------+---------+---------+-------+---------

Vault maps used:
D:1:      evilmike_arrival_rings, serial_glass, glass_columns_c, glass_columns_c
D:2:      marbit_many_paths, minmay_cupped, uniq_terence, uniq_robin
D:3:      first_ration, tgw_fedhas
D:4:      evilmike_ruin_ashenzari, lemuel_doored_altar,
          cheibrodos_sewer_entry_sluice, serial_shops, nicolae_shop_trees,
          minmay_distorted
D:5:      bloody_makhleb
D:6:      serial_shops, shop_coins, hex_intersection, uniq_edmund
D:7:      minmay_temple_entry_nine_rooms
D:8:      uniq_grum
D:9:      nicolae_ru_awakened_eye, hiddenorc2_lemuel
D:10:     hangedman_pestilent_swarm, xom_shifter_show
D:11:     lair_entry_dummy, minmay_holes
D:12:     basic_altar, grunt_decor_one_mirror
D:13:     david_vaults_1, minmay_statue_bubble
D:14:     nrook_pool_corridor, minivault_23, uniq_agnes
D:15:     gammafunk_depths_entry_grave, grunt_decor_fettered, serial_aquarium,
          aquarium_bridge_square, aquarium_window_corner, aquarium_window_3,
          aquarium_view_2c, aquarium_view_2f, aquarium_pool_2
Temple:   hc_temple_tempest_star
Lair:1:   beast_lair_carwin_1, serial_bayou_shore_a, lemuel_fruit_fields,
          uniq_nergalle
Lair:2:   lemuel_centaur_altar, uniq_fannar
Lair:3:   nicolae_volcano_entry_s_turn, uniq_rupert
Lair:4:   swamp_mist, minmay_snake_entry_guardpost_small,
          infiniplex_staircase_pool_2
Lair:5:   lab_entry_generic, basic_altar, forest_entry_grove
Lair:6:   grunt_lair_end_beastmaster, slime_dummy, grunt_megastairs_1,
          infiniplex_staircase_pool
Swamp:1:  evilmike_swamp_ruin_house_3, uniq_roxanne
Swamp:2:  gammafunk_its_a_trap, evilmike_swamp_ruin_house_5,
          statue_in_the_mist_lemuel, uniq_donald, uniq_frances
Swamp:3:  serial_swamp_ruin, evilmike_swamp_ruin_house_1,
          hangedman_swamp_ruin_hall, hangedman_swamp_ruin_wall, swamp_pool5
Swamp:4:  swamp_basic_johnstein
Snake:1:  uniq_kirke
Snake:2:  serial_shops, shop, minmay_shop_grove, grunt_megastairs_2,
          serial_bayou_shore_b, serial_bayou_shore_b
Snake:4:  snake_pit_salamanders_mu, st_stairs_13, serial_bayou_lake_a
Orc:1:    basic_altar
Orc:2:    st_orc_open
Elf:1:    eino_elf_arrival_altar, serial_shops,
          nicolae_shop_temple_entry_statues_fountains, minmay_elf_sorcery
Elf:2:    serial_shops, shop, minmay_misc_feat_cross
Elf:3:    minmay_elf_hall_x
Vaults:1: nicolae_vaults_border_crossing, v_misc_33, v_misc_18,
          grunt_vaults_bifocal, vaults_dpeg_ring, v_misc_2, v_misc_16,
          vaults_dpeg_hooks, nicolae_vaults_murderbox, v_misc_25,
          v_alt_pattern_5, serial_shops, shop_fountains, shop, shop_coins
Vaults:2: v_misc_12, nicolae_vaults_diagonal_hallway_9, v_misc_10,
          vaults_dpeg_diagonal, ontoclasm_vaults_chip,
          minmay_crypt_entry_nasty_monster, v_misc_5, vaults_room_pool,
          v_misc_16, st_greater_box_3, v_misc_23, serial_ice_b, v_misc_8,
          nicolae_vaults_twisting_passages, vaults_room_corners,
          nicolae_vaults_asterisk
Vaults:3: nicolae_vaults_big_angled_halls, nicolae_vaults_back_hallway,
          nicolae_vaults_asterisk, vaults_room_ringed_pool,
          vaults_standard_mumra_enter_the_diamond, hangedman_vaults_slice,
          vaults_standard_mumra_enter_the_diamond, v_rooms_2,
          nicolae_vaults_little_squares_3, v_misc_17, vaults_room_grid,
          ontoclasm_vaults_gateway, ontoclasm_vaults_ring_square,
          hangedman_vaults_impose, nicolae_vaults_little_squares_6, st_cells,
          uniq_sojobo
Vaults:4: v_misc_28, hangedman_vaults_stream, vaults_room_semicircle,
          grunt_vaults_diagonal, ontoclasm_vaults_ligature,
          hangedman_vaults_nails, hangedman_vaults_nails, vaults_room_door_ring
Vaults:5: uniq_saint_roka
Depths:1: minmay_misc_feat_square, nicolae_abyss_entry_one_way_or_another,
          pf_hell_entry_tar_river, minmay_guarded_unrand_curses
Sewer:    kennysheep_sewer_church
Volcano:  volcano_village

Table legend:
 A = Turns spent in this place as a percentage of turns spent in the entire game.
 B = Non-inter-level travel turns spent in this place as a percentage of non-inter-level travel turns spent in the entire game.
 C = Inter-level travel turns spent in this place as a percentage of turns spent in this place.
 D = Turns resting spent in this place as a percentage of non-inter-level travel turns spent in this place.
 E = Turns spent auto-exploring this place as a percentage of non-inter-level travel turns spent in this place.
 F = Non-inter-level travel turns spent in this place divided by the number of levels of this place that you've seen.
                   A       B       C       D       E      F
               +-------+-------+-------+-------+-------+----------------------
         Total | 100.0 | 100.0 |   5.5 |  21.1 |  51.4 | 1028.4
       Dungeon |  36.9 |  36.6 |   6.3 |  19.5 |  58.4 | 1079.0
        Temple |   0.1 |   0.1 |  32.5 |   0.0 |  59.3 |  27.0
          Lair |  14.8 |  14.7 |   5.9 |  18.0 |  59.9 | 1086.5
         Swamp |   8.5 |   8.5 |   5.5 |  23.9 |  48.1 | 935.8
     Snake Pit |  11.0 |  11.3 |   3.0 |  23.1 |  41.0 | 1247.2
  Orcish Mines |   3.4 |   3.1 |  11.6 |  11.4 |  61.5 | 695.5
   Elven Halls |   6.9 |   6.6 |   8.9 |   9.9 |  46.8 | 975.3
        Vaults |  15.5 |  15.9 |   3.3 |  26.1 |  42.6 | 1407.0
        Depths |   0.1 |   0.1 |   0.0 |   0.0 |   0.0 |  28.0
         Sewer |   1.8 |   1.9 |   0.0 |  36.4 |  27.6 | 855.0
       Volcano |   1.1 |   1.2 |   0.0 |  73.4 |   5.2 | 522.0
               +-------+-------+-------+-------+-------+----------------------

Table legend:
 A = Kills in this place as a percentage of kills in entire the game.
 B = Kills by you in this place as a percentage of kills by you in the entire game.
 C = Kills by friends in this place as a percentage of kills by friends in the entire game.
 D = Other kills in this place as a percentage of other kills in the entire game.
 E = Experience gained in this place as a percentage of experience gained in the entire game.
 F = Experience gained in this place divided by the number of levels of this place that you have seen.
                   A       B       C       D       E      F
               +-------+-------+-------+-------+-------+----------------------
         Total | 100.0 | 100.0 | 100.0 | 100.0 | 100.0 | 18907.6
       Dungeon |  24.6 |  25.2 |   0.0 |  42.9 |   7.2 | 3916.7
          Lair |   9.8 |  10.1 |   0.0 |   0.0 |   5.6 | 7621.3
         Swamp |   8.2 |   8.5 |   0.0 |   0.0 |   9.1 | 18552.0
     Snake Pit |  13.5 |  13.8 |   0.0 |  28.6 |  17.6 | 35748.8
  Orcish Mines |   6.7 |   6.9 |   0.0 |   0.0 |   3.6 | 14712.0
   Elven Halls |  10.1 |  10.0 |  11.5 |  21.4 |  17.7 | 48001.0
        Vaults |  24.7 |  22.9 |  88.5 |   7.1 |  38.5 | 62536.8
        Depths |   0.1 |   0.1 |   0.0 |   0.0 |   0.3 | 2489.0
         Sewer |   1.8 |   1.9 |   0.0 |   0.0 |   0.1 | 517.0
       Volcano |   0.4 |   0.5 |   0.0 |   0.0 |   0.3 | 2230.0
               +-------+-------+-------+-------+-------+----------------------
